 Dungeon Crawl Stone Soup version 0.29-a0-330-g52719c12eb (webtiles) character file.

Game seed: 4503608216013659206

8920 tilp the Cruncher (level 11, -13/91 HPs)
             Began as a Black Draconian Hedge Wizard on May 23, 2022.
             Was a High Priest of Sif Muna.
             Killed from afar by an efreet (27 damage)
             ... with a fireball
             ... on level 8 of the Dungeon.
             The game lasted 00:21:32 (12234 turns).

tilp the Cruncher (Black Draconian Hedge Wizard)   Turns: 12234, Time: 00:21:32

Health: -13/91     AC: 15    Str: 12    XL:     11   Next: 16%
Magic:  19/19      EV: 13    Int: 19    God:    Sif Muna [*****.]
Gold:   425        SH:  0    Dex: 11    Spells: 11/20 levels left

rFire   . . .      SeeInvis +   a - +12 quarterstaff "Edaovuzi" {vorpal, Will+}
rCold   . . .      Faith    +   (shield currently unavailable)
rNeg    + . .      Spirit   .   (body armour unavailable)
rPois   .          Reflect  .   q - +2 hat
rElec   +          Harm     .   M - +2 cloak of the Thief {*Fog Slay-2 SInv Stlth+}
rCorr   .          Rampage  .   C - +2 pair of gloves
Will    +....                   (no boots)
Stlth   +++.......              n - amulet of faith
HPRegen 0.25/turn               f - ring of wizardry
MPRegen 0.16/turn               B - ring of positive energy

@: no status effects
A: breathe lightning, AC +7, unfitting armour, electricity resistance,
cold-blooded
a: Breathe Lightning, Renounce Religion, Channel Magic, Forget Spell, Divine
Exegesis


You were on level 8 of the Dungeon.
You worshipped Sif Muna.
Sif Muna was extremely pleased with you.
You visited 2 branches of the dungeon, and saw 9 of its levels.
You also visited: Sewer and Bailey.

You collected 425 gold pieces.

Inventory:

Hand Weapons
 a - the +12 quarterstaff "Edaovuzi" (weapon) {vorpal, Will+}
   (You acquired it on level 4 of the Dungeon)

   It inflicts extra damage upon your enemies.
   Will:      It increases your willpower.
 b - a +4 quarterstaff of chaos
 z - the +7 fustibalus of Immorality {freeze, rF+ rN++ MP+9 Int-3}
   (You found it in a bailey)

   Any ammunition fired from it freezes those it strikes, dealing additional
   cold damage.
   It can also slow down cold-blooded creatures.
   Int:       It affects your intelligence (-3).
   rF:        It protects you from fire.
   rN:        It greatly protects you from negative energy.
   MP:        It affects your magic capacity (+9).
 D - a +2 vampiric glaive
 L - the +1 trident of the Thing {flame, SInv}
   (You found it on level 7 of the Dungeon)

   It burns those it strikes, dealing additional fire damage.
   SInv:      It lets you see invisible.
Missiles
 k - 8 curare-tipped darts
 o - 168 stones (quivered)
 G - 13 poisoned darts
 P - 2 throwing nets
Armour
 q - a +2 hat (worn)
 C - a +2 pair of gloves (worn)
 F - a +2 cloak of stealth
 M - the +2 cloak of the Thief (worn) {*Fog Slay-2 SInv Stlth+}
   (You found it on level 7 of the Dungeon)

   It may release a thick cloud of smoke when the wearer is hurt.
   Slay:      It affects your accuracy & damage with ranged weapons and melee
   (-2).
   SInv:      It lets you see invisible.
   Stlth:     It makes you more stealthy.
Magical Staves
 J - a staff of cold
Jewellery
 f - a ring of wizardry (left hand)
 n - an amulet of faith (around neck)
 B - a ring of positive energy (right hand)
 O - a ring of flight
Wands
 h - a wand of iceblast (22)
 t - a wand of charming (3)
 E - a wand of paralysis (6)
 K - a wand of mindburst (12)
Scrolls
 g - 2 scrolls of fog
 m - 2 scrolls of teleportation
 v - a scroll of silence {unknown}
 y - a scroll of blinking
 N - a scroll of vulnerability
Potions
 c - 2 potions of magic
 d - 3 potions of resistance
 e - 2 potions of berserk rage
 i - a potion of ambrosia
 j - 2 potions of curing
 l - 5 potions of brilliance
 p - a potion of flight
 r - 6 potions of might
 s - a potion of lignification
 u - a potion of degeneration {unknown}
 w - 2 potions of haste
 x - a potion of invisibility {unknown}
 A - a potion of cancellation {unknown}
 I - 2 potions of attraction
Miscellaneous
 H - a piece from Xom's chessboard (15/15)


   Skills:
 + Level 6.7 Fighting
 * Level 8.8 Staves
 - Level 2.0 Throwing
 + Level 3.8 Dodging
 + Level 3.0 Stealth
 + Level 5.4 Spellcasting
 * Level 7.1 Conjurations
 + Level 2.9 Hexes
 - Level 1.0 Summonings
 - Level 4.0 Translocations
 + Level 5.0 Air Magic
 - Level 2.0 Poison Magic
 + Level 2.5 Invocations
 + Level 4.8 Evocations


You had 11 spell levels left.
You knew the following spells:

 Your Spells              Type           Power      Damage    Failure   Level
a - Magic Dart            Conj           100%       1d8       1%          1
b - Slow                  Hex            64%        N/A       1%          1
c - Blink                 Tloc           40%        N/A       1%          2
d - Searing Ray           Conj           64%        2d6       1%          2
e - Mephitic Cloud        Conj/Pois/Air  23%        N/A       1%          3

Your spell library contained the following spells:

 Spells                   Type           Power      Damage    Failure   Level
 Conjure Flame            Conj/Fire      18%        6-21      3%          3
 Portal Projectile        Hex/Tloc       36%        N/A       3%          3
 Call Imp                 Summ           8%         N/A       4%          2
 Tukima's Dance           Hex            16%        N/A       4%          3
 Fulminant Prism          Conj/Hex       12%        3d9       6%          4
 Sublimation of Blood     Necr           5%         N/A       8%          2
 Passage of Golubria      Tloc           20%        N/A       9%          4
 Call Canine Familiar     Summ           8%         N/A       10%         3
 Leda's Liquefaction      Hex/Erth       5%         N/A       26%         4
 Manifold Assault         Tloc           20%        N/A       26%         5
 Irradiate                Conj/Tmut      9%         3d16      28%         5
 Petrify                  Tmut/Erth      5%         N/A       41%         4
 Yara's Violent Unravell  Hex/Tmut       5%         3d4       56%         5
 Storm Form               Tmut/Air       7%         N/A       100%        7


Dungeon Overview and Level Annotations

Branches:
Dungeon (8/15)             Temple (1/1) D:5           Sewer (visited)
 Bailey (visited)
   Lair: D:8-11

Altars:
Ashenzari
Fedhas
Gozag
Hepliaklqana
Kikubaaqudgha
Makhleb
Nemelex Xobeh
Qazlal
Ru
Sif Muna
Uskayaw
Vehumet
Wu Jian
Xom
Yredelemnul
Zin
The Shining One

Shops:
D:3 (   D:5 (

Annotations:
D:7 2 runed translucent doors, MirrMurr's ghost, novice OgBe


Innate Abilities, Weirdness & Mutations

You can breathe wild blasts of lightning.
Your glossy black scales are hard. (AC +7)
You cannot fit into any form of body armour.
You are resistant to electric shocks. (rElec)
You are cold-blooded and may be slowed by cold attacks.


Message History

Your tail-slap misses the water moccasin.
The water moccasin is severely wounded.
You feel sick.
The water moccasin bites you but does no damage.
The water moccasin closely misses you.
Unknown command.
You thump the water moccasin!
You kill the water moccasin!
Sif Muna accepts your kill.
You feel sick.
Unknown command.
You're too confused to move!
You feel sick.
The efreet hits you with a +1 scimitar of flaming.
* * * LOW HITPOINT WARNING * * *
The efreet burns you.
* * * LOW HITPOINT WARNING * * *
You're too confused to move!
You feel less invigorated.
You feel less confused.
You feel sick.
You are no longer poisoned.
The efreet hits you but does no damage.
Unknown command.
You hit the efreet.
The efreet is moderately wounded.
The efreet hits you with a +1 scimitar of flaming!
* * * LOW HITPOINT WARNING * * *
The efreet burns you.
* * * LOW HITPOINT WARNING * * *
You hit the efreet but do no damage.
You tail-slap the efreet, but do no damage.
The efreet is moderately wounded.
The efreet hits you with a +1 scimitar of flaming!
* * * LOW HITPOINT WARNING * * *
The efreet burns you.
* * * LOW HITPOINT WARNING * * *
You thump the efreet!
The efreet is heavily wounded.
The efreet gestures at you.
The fireball explodes!
The fireball engulfs you!!
You die...

##........# ###
..........###### .. #
##........##...####.# .#
######............#.##.#
†...................>..
..####.........(...#.#
.÷............)#.....#
......#........#.#.###
.......#..÷...##@#.#
.......#.......#R#.######
....[..#.......#.g§.....#
........................#
......##.#....###:........
......##..#######).....)#.
#########. #§§.§.......
#§§§§§§..... #.§§§§§§§....


You could see an efreet and a gnoll shaman.

Vanquished Creatures
  A centaur warrior (D:8)
  Pikel (D:7)
  An orc sorcerer (D:7)
  A deep elf pyromancer (D:8)
  2 cyclopes (D:8)
  A gargoyle (Bailey)
  A tengu conjurer (D:8)
  A troll (D:8)
  A vampire (Bailey)
  A wyvern (D:7)
  A yak (D:8)
  A steam dragon (D:8)
  2 vampire mosquitoes (D:8)
  7 water moccasins (D:8)
  4 ice beasts
  Pargi (Sewer)
  An orc warrior (D:8)
  6 black bears
  2 centaurs
  An ogre (D:5)
  A phantom (D:5)
  A lemure (D:7)
  5 kobold brigands
  3 scorpions
  A necrophage (D:8)
  2 bullfrogs (D:7)
  3 killer bees
  8 vampire bats (Bailey)
  8 wolf zombies (Bailey)
  A howler monkey (D:6)
  A jelly (D:6)
  5 gnoll shamans
  2 orc priests
  Crazy Yiuf (D:5)
  Ijyb (D:3)
  Jessica (D:3)
  2 iguanas
  3 orc wizards
  11 adders
  22 gnolls
  5 river rats (D:5)
  2 shadow imps (D:5)
  2 white imps (D:8)
  An ufetubus (D:5)
  5 worms
  30 orcs
  4 endoplasms
  A giant cockroach (D:2)
  5 goblins
  10 hobgoblins
  3 jackals (D:3)
  A quokka (D:4)
  9 ball pythons
  2 bats
  5 frilled lizards
  15 kobolds
  24 orc zombies (Bailey)
  10 rats
253 creatures vanquished.

Vanquished Creatures (collateral kills)
  A howler monkey (D:8)
  2 goblins (D:8)
3 creatures vanquished.

Vanquished Creatures (others)
  57 fungi (D:8)
  59 plants (D:8)
116 creatures vanquished.

Grand Total: 372 creatures vanquished

Notes
Turn   | Place    | Note
-------+----------+-------------------------------------------
     0 | D:1      | tilp the Draconian Hedge Wizard began the quest for the
                  | Orb.
     0 | D:1      | Reached XP level 1. HP: 14/14 MP: 4/4
   150 | D:1      | Learned a level 1 spell: Slow
   603 | D:1      | Reached XP level 2. HP: 22/22 MP: 6/6
   660 | D:1      | Reached skill level 1 in Fighting
  1302 | D:1      | Learned a level 2 spell: Blink
  1305 | D:1      | Learned a level 2 spell: Searing Ray
  1786 | D:2      | Reached XP level 3. HP: 27/29 MP: 0/7
  2421 | D:3      | Noticed Ijyb
  2636 | D:3      | Found Gihiag's Weapon Boutique.
  2647 | D:3      | Reached XP level 4. HP: 36/36 MP: 1/8
  3046 | D:3      | Noticed Jessica
  3048 | D:3      | Killed Jessica
  3383 | D:3      | Reached skill level 1 in Evocations
  3442 | D:3      | Reached XP level 5. HP: 35/42 MP: 2/9
  3937 | D:4      | Reached skill level 1 in Hexes
  4568 | D:4      | Identified a scroll of acquirement
  4568 | D:4      | Acquired the +12 quarterstaff "Edaovuzi" {vorpal, Will+}
  4610 | D:5      | Entered Level 5 of the Dungeon
  4615 | D:5      | Found a staircase to the Ecumenical Temple.
  4701 | D:5      | Reached skill level 1 in Throwing
  4797 | D:5      | Reached XP level 6. HP: 43/50 MP: 5/10
  4859 | D:5      | Found a glowing drain.
  4916 | Sewer    | Entered a sewer
  4928 | Sewer    | Reached skill level 1 in Staves
  4961 | Sewer    | Noticed Pargi
  4964 | Sewer    | Killed Pargi
  5177 | Temple   | Entered the Ecumenical Temple
  5377 | Temple   | Became a worshipper of Sif Muna the Loreminder
  5453 | D:5      | Your scales start taking on a glossy black colour.
  5453 | D:5      | Reached XP level 7. HP: 29/57 MP: 11/11
  5453 | D:5      | Gained mutation: You are resistant to electric shocks.
                  | (rElec) [Black Draconian growth]
  6149 | D:5      | Found Anos's Weapon Shop.
  6499 | D:5      | Found a runed translucent door.
  6500 | D:5      | Noticed Crazy Yiuf
  6505 | D:5      | Killed Crazy Yiuf
  6505 | D:5      | Reached * piety under Sif Muna
  6506 | D:5      | Reached skill level 2 in Staves
  6665 | D:6      | Reached XP level 8. HP: 40/66 MP: 1/12
  6809 | D:6      | Reached skill level 3 in Staves
  7030 | D:6      | Reached skill level 4 in Staves
  7034 | D:6      | Learned a level 3 spell: Mephitic Cloud
  7419 | D:7      | Reached skill level 1 in Air Magic
  7678 | D:7      | Reached skill level 5 in Staves
  8057 | D:7      | Noticed an orc sorcerer
  8062 | D:7      | Noticed an orange demon
  8075 | D:7      | Identified the +1 trident of the Thing {flame, SInv}
  8075 | D:7      | Paralysed by an orc sorcerer for 2 turns
  8078 | D:7      | Noticed a sixfirhy
  8296 | D:7      | Reached ** piety under Sif Muna
  8310 | D:7      | Reached XP level 9. HP: 68/72 MP: 14/14
  8337 | D:7      | Noticed Pikel
  8364 | D:7      | Killed Pikel
  8365 | D:7      | Reached skill level 5 in Fighting
  8461 | D:7      | Reached skill level 6 in Staves
  8461 | D:7      | Reached skill level 5 in Conjurations
  8740 | D:7      | Found the +2 cloak of the Thief {*Fog Slay-2 SInv Stlth+}
  8827 | D:7      | Found a large runed translucent door.
  8827 | D:7      | Found a large runed translucent door.
  8829 | D:7      | Noticed MirrMurr's ghost (novice OgBe)
  9002 | D:7      | Noticed an orange demon
  9002 | D:7      | Killed an orc sorcerer
  9283 | D:3      | Killed Ijyb
  9428 | D:8      | Found a flagged portal.
  9470 | Bailey   | Entered a bailey
  9529 | Bailey   | Reached *** piety under Sif Muna
  9665 | Bailey   | Noticed a gargoyle
  9674 | Bailey   | Killed a gargoyle
  9675 | Bailey   | Reached skill level 7 in Staves
  9966 | Bailey   | Reached skill level 5 in Spellcasting
  9973 | Bailey   | Reached XP level 10. HP: 65/83 MP: 17/17
 10377 | Bailey   | Reached **** piety under Sif Muna
 10379 | Bailey   | Identified the +7 fustibalus of Immorality {freeze, rF+
                  | rN++ MP+9 Int-3}
 10418 | Bailey   | Reached skill level 8 in Staves
 10632 | Bailey   | Identified the +0 ring mail "Xunwaq" {rElec Int-4 Dex-3
                  | SInv}
 10803 | D:8      | Noticed a six-headed hydra
 10803 | D:8      | Noticed a deep elf pyromancer
 10816 | D:8      | Killed a deep elf pyromancer
 10817 | D:8      | Reached skill level 1 in Invocations
 10822 | D:8      | Reached skill level 1 in Poison Magic
 11281 | D:8      | Found a faded altar of an unknown god.
 11281 | D:8      | Found a faded altar of an unknown god.
 11281 | D:8      | Found a hazy altar of Hepliaklqana.
 11283 | D:8      | Found a faded altar of an unknown god.
 11392 | D:8      | Noticed a centaur warrior
 11584 | D:8      | Killed a centaur warrior
 12007 | D:8      | Reached XP level 11. HP: 91/91 MP: 11/19
 12054 | D:8      | Reached ***** piety under Sif Muna
 12196 | D:8      | Received a gift from Sif Muna
 12215 | D:8      | Reached skill level 5 in Air Magic
 12234 | D:8      | Killed from afar by an efreet

Illustrated notes

Levels and vault maps discovered:
D:1:      shiori_arrival_oz, layout_loops_corners, minmay_statues_item
D:2:      layout_rooms
D:3:      layout_loops_ring, serial_shops, nicolae_shop_trees, uniq_ijyb,
          uniq_jessica
D:4:      layout_basic
D:5:      layout_basic, minmay_temple_entry_grid, serial_shops,
          nicolae_shop_bloodbath_and_beyond, lightli_sewer_entry_pipes,
          uniq_crazy_yiuf_cottage
D:6:      layout_rooms
D:7:      cheibrodos_wizards_tower, layout_basic, ebering_ghost_disaster_area,
          uniq_pikel
D:8:      hangedman_cross_veins, layout_basic,
          nicolae_hepliaklqana_ecumenical_no_more, due_lair_maze_entry_diamond,
          enter_bailey_3
Temple:   eino_temple_rhombus

Skill      XL: |  1  2  3  4  5  6  7  8  9 10 11 |
---------------+----------------------------------+-----
Stealth        | 2 3 |  3.0
Dodging        | 2 3 |  3.8
Fighting       | 2 3 4 6 |  6.7
Conjurations   | 2 3 4 5 6 7 |  7.1
Evocations     | 1 2 3 4 |  4.8
Hexes          | 1 2 |  2.9
Translocations | 2 3 4 |  4.0
Throwing       | 1 2 |  2.0
Staves         | 1 2 5 7 8 |  8.8
Air Magic      | 2 4 5 |  5.0
Spellcasting   | 5 |  5.4
Invocations    | 2 |  2.5
Poison Magic   | 2 |  2.0
Summonings     | |  1.0

Action                   |  1- 3 |  4- 6 |  7- 9 | 10-12 || total
-------------------------+-------+-------+-------+-------++-------
Melee: Dagger            |    31 |       |       |       ||    31
       Tailslap          |     5 |     8 |    23 |    37 ||    73
       Punch             |     1 |       |       |       ||     1
       Mace              |       |     7 |       |       ||     7
       Quarterstaff      |       |    59 |   225 |   221 ||   505
       Short sword       |       |     2 |       |       ||     2
Throw: Dart              |       |     1 |       |       ||     1
       Stone             |       |       |       |     1 ||     1
 Cast: Magic Dart        |    58 |    26 |     5 |       ||    89
       Searing Ray       |    14 |    15 |    16 |     7 ||    52
       Mephitic Cloud    |       |       |       |     4 ||     4
 Abil: Breathe Lightning |       |       |     5 |     2 ||     7
Evoke: Wand              |       |     3 |     3 |     4 ||    10
  Use: Scroll            |     4 |     7 |     9 |     4 ||    24
       Potion            |       |       |       |     3 ||     3
 Stab: Sleeping          |     2 |       |     4 |     3 ||     9
       Distracted        |       |       |     1 |       ||     1
       Paralysed         |       |       |       |     5 ||     5
Armor: Skin              |    22 |    23 |   118 |   130 ||   293
Dodge: Dodged            |    29 |    53 |   162 |   155 ||   399

Table legend: (Time is in decaauts)
 A = Elapsed time spent in this place.
 B = Non-inter-level travel time spent in this place.
 C = Inter-level travel time spent in this place.
 D = Time resting spent in this place.
 E = Time spent auto-exploring this place.
 F = Levels seen in this place.
 G = Mean time per level.
                   A        B        C        D        E       F      G
               +--------+--------+--------+--------+--------+-----+--------+
         Total |  12329 |  11810 |    519 |   3050 |   6492 |  11 | 1120.8 |
       Dungeon |  10641 |  10168 |    473 |   2248 |   6135 |   8 | 1330.1 |
        Temple |    216 |    170 |     46 |      0 |    157 |   1 |  216.0 |
         Sewer |    238 |    238 |      0 |      0 |    151 |   1 |  238.0 |
        Bailey |   1232 |   1232 |      0 |    802 |     48 |   1 | 1232.0 |
               +--------+--------+--------+--------+--------+-----+--------+

Top non-repeatable levels by time:
     D:7: 1946 daAuts
     D:5: 1624 daAuts
     D:3: 1452 daAuts
     D:1: 1301 daAuts
     D:8: 1242 daAuts
  Bailey: 1232 daAuts
     D:2: 1156 daAuts
     D:6: 1126 daAuts
     D:4: 792 daAuts
   Sewer: 238 daAuts
  Temple: 216 daAuts
